 Dungeon Crawl Stone Soup version 0.20.0 (webtiles) character file.

67 FakerFangirl the Cudgeler (level 4, 0/38 HPs)
             Began as a Draconian Fighter on May 25, 2017.
             Slain by an orc
             ... wielding a +0 dagger
              (2 damage)
             ... on level 3 of the Dungeon.
             The game lasted 00:02:06 (2150 turns).

FakerFangirl the Cudgeler (Draconian Fighter)       Turns: 2150, Time: 00:02:07

Health: 0/38       AC:  5    Str: 18    XL:     4   Next: 0%
Magic:  4/4        EV: 10    Int:  8    God:
Gold:   129        SH:  9    Dex: 12    Spells: 3/3 levels left

rFire    . . .     SeeInvis .   Y - +1 flail
rCold    . . .     Gourm    .   b - +0 shield
rNeg     . . .     Faith    .   (armour unavailable)
rPois    .         Spirit   .   (helmet restricted)
rElec    .         Reflect  .   (no cloak)
rCorr    .         Harm     .   (no gloves)
MR       .....                  (no boots)
Stlth    +.........             (no amulet)
Regen    0.2/turn               (no ring)
MPRegen  0.1/turn               (no ring)

@: no status effects
A: unfitting armour, cold-blooded, AC +5
a: no special abilities


You were on level 3 of the Dungeon.
You were not hungry.

You visited 1 branch of the dungeon, and saw 3 of its levels.

You collected 129 gold pieces.


Innate Abilities, Weirdness & Mutations

Your plain brown scales are hard. (AC +5)
You cannot fit into any form of body armour.
You are cold-blooded and may be slowed by cold attacks.


   Skills:
 - Level 3.2 Fighting
 + Level 4.3 Maces & Flails
 - Level 2.6 Dodging
 - Level 3.0 Shields


You had 3 spell levels left.
You didn't know any spells.

Inventory:

Hand Weapons
 Y - a +1 flail (weapon)
Armour
 b - a +0 shield (worn)
Wands
 j - a wand of acid (9/15)
Scrolls
 g - a scroll of identify
Potions
 c - a potion of might
 f - a potion of cancellation {unknown}
 i - a potion of flight {unknown}
Comestibles
 e - a bread ration
 k - a chunk of flesh

Dungeon Overview and Level Annotations

Branches:
Dungeon (3/15)

Altars:


Message History

You block the orc wizard's attack. x2; The orc barely misses you.
You closely miss the orc wizard.
The orc wizard is severely wounded.
The orc wizard gestures at you while chanting.
The magic dart hits you! You block the orc's attack.
The orc wizard hits you but does no damage.
You closely miss the orc wizard.
The orc wizard is severely wounded.
The orc wizard gestures at you while chanting.
The puff of frost hits you! The orc hits you with a dagger.
The orc wizard hits you but does no damage.
You block the orc's attack.
You closely miss the orc wizard.
The orc wizard is severely wounded.
You block the orc wizard's attack. x2; The orc misses you.
You completely miss the orc wizard.
The orc wizard is severely wounded.
The orc wizard hits you but does no damage.
The orc hits you with a dagger.
You die...

## .. .# # .# #. .#
#.###.# #.....#
####.#### ###
#...@o..####..
#)##o##......#### ##
#.##.##.......... ..
#.#..##.........# ...
#.#.###.......#.##.#.
#.)...........#......
###.########<......#
#......# ##......#
#.#.##.# ###.####


You could see an orc wizard and an orc.

Vanquished Creatures
  An adder (D:3)
  2 oozes
  A worm (D:2)
  A leopard gecko (D:1)
  2 orcs (D:3)
  6 giant cockroaches (D:1)
  3 goblins (D:1)
  5 hobgoblins
  5 jackals
  5 bats
  3 frilled lizards (D:1)
  2 kobolds (D:2)
  3 rats
39 creatures vanquished.

Notes
Turn   | Place    | Note
-------+----------+-------------------------------------------
     0 | D:1      | FakerFangirl the Draconian Fighter began the quest for the Orb.
     0 | D:1      | Reached XP level 1. HP: 19/19 MP: 1/1
     0 | D:1      | 0 ||| counter = 8
   204 | D:1      | Reached XP level 2. HP: 26/26 MP: 2/2
   401 | D:1      | Reached skill level 3 in Maces & Flails
   887 | D:1      | Reached XP level 3. HP: 30/31 MP: 3/3
   980 | D:1      | 980 ||| READING scroll labeled BOSIDUJYEPS.
   981 | D:1      | 981 ||| READING 4 scrolls labeled PIYMNOAMU DERU.
   982 | D:1      | 982 ||| READING 3 scrolls of identify.
   982 | D:1      | 982 ||| IDENTIFYING blackened peridot ring
   983 | D:1      | 983 ||| DROPPING cursed ring of teleportation.
   984 | D:1      | 984 ||| READING 2 scrolls of identify.
   984 | D:1      | 984 ||| IDENTIFYING amethyst potion
   985 | D:1      | 985 ||| DROPPING potion of degeneration.
  1829 | D:2      | 1829 ||| EATING 2 bread rations.
  1905 | D:2      | Reached skill level 4 in Maces & Flails
  1956 | D:2      | 1956 ||| READING scroll labeled WUTRYZONEC.
  1957 | D:2      | 1957 ||| READING 2 scrolls labeled UNLABR GIURIXT.
  1958 | D:2      | 1958 ||| READING 2 scrolls of identify.
  1958 | D:2      | 1958 ||| IDENTIFYING emerald potion
  1959 | D:2      | 1959 ||| DROPPING potion of magic.
  1960 | D:2      | 1960 ||| DROPPING scroll of fog.
  2123 | D:3      | Reached XP level 4. HP: 36/38 MP: 4/4
  2147 | D:3      | HP: 7/38 [orc wizard/magic dart (4)]
  2148 | D:3      | HP: 3/38 [orc wizard/puff of frost (4)]
  2150 | D:3      | Slain by an orc

Vault maps used:
D:1:      dpeg_arrival_prison
D:3:      first_bread, xom_teletrap_fun

Skill      XL: |  1  2  3 |
---------------+----------+-----
Maces & Flails | 3 4 |  4.3
Fighting       | |  3.2
Dodging        | |  2.6
Shields        | |  3.0

Action                   |  1- 3 |  4- 6 || total
-------------------------+-------+-------++-------
Melee: Flail             |   135 |    15 ||   150
       Tailslap          |    14 |     4 ||    18
  Use: Scroll            |     7 |       ||     7
 Stab: Sleeping          |     1 |       ||     1
  Eat: Chunk             |     2 |       ||     2
       Bread ration      |     1 |       ||     1
Armor: Skin              |    29 |     4 ||    33
Dodge: Dodged            |    54 |     6 ||    60
Block: Shield            |    69 |    14 ||    83
